[Event "Titled Tuesday Blitz February 28 Early 2023"]
[White "Martin Duque, Jesus"]
[Black "Petrova, Irina"]
[WhiteFideId "2208954"]
[BlackFideId "14124122"]
[WhiteElo "2305"]
[BlackElo "2084"]
[Result "1/2-1/2"]
[Round "07"]
[TimeControl "180+2"]
[Date "2023.02.28"]
[WhiteClock "0:00:15"]
[BlackClock "0:00:13"]

1. b3 d6 2. Bb2 e5 3. c4 Nc6 4. g3 f5 5. Nc3 Nf6 6. Bg2 g6 7. e3 Bg7 8. Nge2 O-O 9. O-O g5 10. d3 Qe8 11. Rc1 Qg6 12. Nd5 Nxd5 13. cxd5 Nd8 14. Rxc7 f4 15. exf4 gxf4 16. Nxf4 Rxf4 17. gxf4 Bg4 18. f3 Bh3 19. Rf2 Nf7 20. Kh1 Bf5 21. Bf1 Kh8 22. Rg2 Qh5 23. Rxg7 Kxg7 24. fxe5 dxe5 25. Bxe5+ Kg8 26. Bg3 Rd8 27. d4 Be4 28. Be2 Bxd5 29. Kg1 Ng5 30. Be5 Nxf3+ 31. Bxf3 Qxf3 32. Qxf3 Bxf3 33. Rg7+ Kf8 34. Rxh7 Ke8 35. h4 Rd7 36. Rh8+ Kf7 37. Kf2 Be4 38. Ke3 Bb1 39. a3 Kg6 40. h5+ Kg5 41. Bf4+ Kf6 42. h6 Rh7 43. Rb8 Ke6 44. Rd8 Ba2 45. d5+ Kf5 46. Rf8+ Kg6 47. d6 Bxb3 48. Kd4 Be6 49. Ke5 Bh3 50. Rf6+ Kh5 51. Re6 Bxe6 52. Kxe6 Kg4 53. d7 Rh8 54. Bc7 Rxh6+ 55. Kd5 Rh8 56. d8=Q Rxd8+ 57. Bxd8 Kf5 58. Bc7 Kf6 59. Kd6 Kf7 60. Bb8 Ke8 61. Kc7 b5 62. Bxa7 Ke7 63. Kc6 Kd8 64. Bb6+ Kc8 65. Bc7 b4 66. axb4 1/2-1/2


[Site "https://www.chess.com"]

[Event "Titled Tuesday Blitz February 28 Early 2023"]
[White "Begunov, Konstantin"]
[Black "Dragomirescu, Angela"]
[WhiteFideId "4118510"]
[BlackFideId "1209914"]
[WhiteElo "2118"]
[BlackElo "2171"]
[Result "1-0"]
[Round "07"]
[TimeControl "180+2"]
[Date "2023.02.28"]
[WhiteClock "0:00:38"]
[BlackClock "0:00:13"]

1. d4 Nf6 2. c4 g6 3. f3 Bg7 4. e4 O-O 5. Nc3 d6 6. Be3 Nc6 7. Nge2 a6 8. a3 Na5 9. Nc1 Nd7 10. b4 Nc6 11. Nb3 e5 12. d5 Ne7 13. Qd2 f5 14. Be2 Nf6 15. O-O-O Bd7 16. Kb2 Qe8 17. c5 fxe4 18. fxe4 Ng4 19. Bxg4 Bxg4 20. Rdf1 Bd7 21. Rxf8+ Bxf8 22. cxd6 cxd6 23. Rc1 Rc8 24. Bb6 h5 25. Na5 Kh7 26. Rc2 Bh6 27. Qd3 Bb5 28. Nxb5 Rxc2+ 29. Kxc2 axb5 30. Bc7 Qc8 31. Qc3 Qg4 32. Qf3 Qxf3 33. gxf3 Nc8 34. Nxb7 Bf4 35. h3 1-0


[Site "https://www.chess.com"]

[Event "Titled Tuesday Blitz February 28 Early 2023"]
[White "Skaric, Djuro"]
[Black "Turzo, Attila"]
[WhiteFideId "934569"]
[BlackFideId "704954"]
[WhiteElo "2282"]
[BlackElo "2537"]
[Result "0-1"]
[Round "07"]
[TimeControl "180+2"]
[Date "2023.02.28"]
[WhiteClock "0:00:15"]
[BlackClock "0:00:09"]

1. g3 c5 2. Bg2 Nc6 3. d3 g6 4. Nc3 Bg7 5. e4 d6 6. f4 Nf6 7. Nf3 Bg4 8. O-O Nd4 9. Be3 Nd7 10. Bxd4 cxd4 11. Ne2 O-O 12. h3 Bxf3 13. Rxf3 Rc8 14. Rf2 Qb6 15. b3 e6 16. g4 e5 17. Qd2 exf4 18. Qxf4 Ne5 19. Ng3 Rc5 20. Re1 Qc7 21. Ree2 Qe7 22. g5 f6 23. b4 fxg5 24. Qxf8+ Bxf8 25. bxc5 dxc5 26. Nf1 g4 27. Nd2 Bh6 28. Nf1 b5 29. hxg4 Nxg4 30. Rf3 Ne5 31. Rff2 c4 32. Nd2 cxd3 33. cxd3 Nxd3 34. Rf3 Be3+ 35. Kf1 Qh4 36. Rfxe3 dxe3 37. Nf3 Qxe4 38. Rc2 Qe7 39. Nd4 Qf6+ 40. Nf3 Ne5 41. Rc8+ Kg7 42. Ke2 Nxf3 43. Bxf3 Qd4 44. Rc7+ Kh6 45. Rc2 Kg5 46. a3 h5 47. Bg2 h4 48. Bf3 h3 49. Ke1 Qa1+ 50. Ke2 Qxa3 51. Be4 Kf4 52. Bf3 h2 53. Bd5 Qb4 54. Bg2 Qd4 55. Bf3 Qd2+ 56. Rxd2 exd2 57. Bh1 Kg3 58. Kxd2 Kf2 59. Kd1 g5 60. Be4 g4 61. Kc2 g3 62. Kb3 g2 63. Kb4 g1=Q 0-1


[Site "https://www.chess.com"]

[Event "Titled Tuesday Blitz February 28 Early 2023"]
[White "Reprintsev, Alexander"]
[Black "Delgado Rosas, Fatima Alexandra"]
[WhiteFideId "14100541"]
[BlackFideId "6603963"]
[WhiteElo "2250"]
[BlackElo "2335"]
[Result "1-0"]
[Round "07"]
[TimeControl "180+2"]
[Date "2023.02.28"]
[WhiteClock "0:00:10"]
[BlackClock "0:00:14"]

1. e4 c6 2. Nc3 d5 3. Nf3 dxe4 4. Nxe4 Nf6 5. Qe2 Nxe4 6. Qxe4 Qd5 7. Qf4 e6 8. Bc4 Qd6 9. Qg3 Qxg3 10. hxg3 Nd7 11. d4 Be7 12. Bd2 Nb6 13. Bd3 h6 14. O-O-O Bd7 15. Ne5 Bf6 16. c4 Bxe5 17. dxe5 O-O-O 18. b3 Kc7 19. Bb4 Nc8 20. Be4 b6 21. c5 f5 22. exf6 gxf6 23. Bd2 h5 24. Bf3 Be8 25. Rh4 Ne7 26. Ra4 Kb7 27. Bc3 Rxd1+ 28. Kxd1 e5 29. cxb6 axb6 30. Be2 Nd5 31. Bd2 c5 32. Rh4 Bg6 33. Bf3 Kc6 34. g4 e4 35. Be2 Kd6 36. gxh5 Bh7 37. h6 f5 38. g3 Ra8 39. a4 Rf8 40. Bc4 Ke5 41. Ke2 Rd8 42. Bc1 Nf6 43. Bb2+ Rd4 44. Bxd4+ cxd4 45. b4 Nd7 46. Rh1 Nb8 47. Ra1 f4 48. gxf4+ Kxf4 49. a5 d3+ 50. Kd2 bxa5 51. bxa5 Kf3 52. Bd5 Kxf2 53. Kc3 e3 54. Bc4 e2 55. Bxd3 Bxd3 56. Kxd3 e1=Q 57. Rxe1 Kxe1 58. h7 1-0


[Site "https://www.chess.com"]

[Event "Titled Tuesday Blitz February 28 Early 2023"]
[White "Vifleemskaia, Svetlana"]
[Black "Jaskolka, Tomasz"]
[WhiteFideId "4129490"]
[BlackFideId "1170791"]
[WhiteElo "1930"]
[BlackElo "2155"]
[Result "0-1"]
[Round "07"]
[TimeControl "180+2"]
[Date "2023.02.28"]
[WhiteClock "0:00:46"]
[BlackClock "0:01:17"]

1. d4 d5 2. c4 e5 3. dxe5 d4 4. Nf3 Nc6 5. a3 a5 6. Bf4 Nge7 7. Nbd2 Ng6 8. Bg3 Bf5 9. Qa4 Qd7 10. h4 h5 11. Qb5 Ra6 12. Qd5 Rb6 13. Qxd7+ Kxd7 14. O-O-O Bc5 15. e3 Ke7 16. exd4 Nxd4 17. Be2 Nxe2# 0-1


[Site "https://www.chess.com"]

[Event "Titled Tuesday Blitz February 28 Early 2023"]
[White "Liu, Casper"]
[Black "Ilkhomi, Jaloliddin"]
[WhiteFideId "1454153"]
[BlackFideId "14700948"]
[WhiteElo "2221"]
[BlackElo "2045"]
[Result "0-1"]
[Round "07"]
[TimeControl "180+2"]
[Date "2023.02.28"]
[WhiteClock "0:01:36"]
[BlackClock "0:02:04"]

1. d4 Nf6 2. c4 e6 3. Nc3 Bb4 4. Qc2 O-O 5. e4 d5 6. e5 Ne4 7. Bd3 c5 8. Ne2 cxd4 9. Nxd4 Nd7 10. Bf4 Ndc5 11. O-O Bxc3 12. bxc3 Bd7 13. cxd5 Ba4 14. Qb1 Nxc3 15. Bxh7+ Kh8 16. Qb4 Nxd5 17. Qxc5 Nxf4 18. Rae1 Kxh7 19. Qc4 Qd5 20. Qxa4 Qxg2# 0-1


[Site "https://www.chess.com"]

[Event "Titled Tuesday Blitz February 28 Early 2023"]
[White "Kislov, Oleg"]
[Black "Klepikov, Nikita"]
[WhiteFideId "13503774"]
[BlackFideId "24145220"]
[WhiteElo "2186"]
[BlackElo "2025"]
[Result "0-1"]
[Round "07"]
[TimeControl "180+2"]
[Date "2023.02.28"]
[WhiteClock "0:00:09"]
[BlackClock "0:00:28"]

1. d4 Nf6 2. Nf3 d6 3. c4 Nbd7 4. Nc3 e5 5. e3 g6 6. Bd3 Bg7 7. b3 Qe7 8. Bc2 exd4 9. Nxd4 O-O 10. O-O Nc5 11. f3 c6 12. e4 Ne6 13. Nde2 Rd8 14. Ba3 a6 15. Qc1 b5 16. e5 Ne8 17. exd6 Nxd6 18. Ne4 Qa7+ 19. Kh1 Nxe4 20. Bxe4 Bb7 21. Bb2 Nd4 22. Nxd4 Bxd4 23. Bxd4 Qxd4 24. Rd1 Qe5 25. c5 f5 26. Bd3 Rd4 27. a3 Rad8 28. Bc2 Rxd1+ 29. Bxd1 Qe1# 0-1


[Site "https://www.chess.com"]

[Event "Titled Tuesday Blitz February 28 Early 2023"]
[White "Derjabin, Ilja"]
[Black "Melikhov, Evgeny V."]
[WhiteFideId "14104768"]
[BlackFideId "4122046"]
[WhiteElo "2309"]
[BlackElo "2158"]
[Result "1-0"]
[Round "07"]
[TimeControl "180+2"]
[Date "2023.02.28"]
[WhiteClock "0:00:09"]
[BlackClock "0:00:03"]

1. d4 Nf6 2. c4 e6 3. Nc3 Bb4 4. a3 Bxc3+ 5. bxc3 d5 6. f3 c6 7. e3 O-O 8. Bd3 b6 9. cxd5 cxd5 10. Ne2 Ba6 11. Bxa6 Nxa6 12. O-O Nc7 13. a4 Nce8 14. Ba3 Nd6 15. a5 Qc7 16. a6 Rfc8 17. Bb4 Nc4 18. Qd3 Rab8 19. Ra2 Qc6 20. g4 e5 21. Ng3 e4 22. fxe4 Nxe4 23. Nxe4 dxe4 24. Qe2 Qg6 25. Kh1 Rc6 26. Raa1 Rbc8 27. Rad1 Rf6 28. d5 Rxf1+ 29. Rxf1 Ne5 30. d6 Nf3 31. h3 Rd8 32. Rd1 Qe6 33. Kg2 h5 34. gxh5 Qf5 35. Qf2 Qxh5 36. Rf1 Rd7 37. Qg3 Qg6 38. Qxg6 fxg6 39. Kg3 Kf7 40. Rd1 Ke6 41. c4 g5 42. c5 bxc5 43. Bxc5 Ke5 44. Rb1 1-0


[Site "https://www.chess.com"]

[Event "Titled Tuesday Blitz February 28 Early 2023"]
[White "Prieto Aranguren, Alain"]
[Black "Bilan, Danila"]
[WhiteFideId "2268906"]
[BlackFideId "24161918"]
[WhiteElo "2209"]
[BlackElo "2182"]
[Result "1-0"]
[Round "07"]
[TimeControl "180+2"]
[Date "2023.02.28"]
[WhiteClock "0:01:36"]
[BlackClock "0:00:05"]

1. d4 d5 2. c4 c6 3. cxd5 cxd5 4. Nf3 Nf6 5. Nc3 Nc6 6. Bf4 Bf5 7. e3 e6 8. Bd3 Bg6 9. O-O Bd6 10. Ne5 Bxe5 11. dxe5 Nd7 12. Bxg6 hxg6 13. e4 d4 14. Nb5 Ndxe5 15. Bxe5 Nxe5 16. Qxd4 Qh4 17. Qxe5 Rh5 18. Nc7+ Kd7 19. Rfd1+ Kc8 20. Qd6 b6 21. Rac1 e5 22. Nxa8+ Kb7 23. Qc6+ Ka6 24. h3 Rg5 25. Nc7+ Ka5 26. Qb5# 1-0


[Site "https://www.chess.com"]

[Event "Titled Tuesday Blitz February 28 Early 2023"]
[White "Sailer, Mike"]
[Black "Avazkhonov, Alikhon"]
[WhiteFideId "2012901"]
[BlackFideId "14208504"]
[WhiteElo "2109"]
[BlackElo "1739"]
[Result "0-1"]
[Round "07"]
[TimeControl "180+2"]
[Date "2023.02.28"]
[WhiteClock "0:00:02"]
[BlackClock "0:00:38"]

1. d4 Nf6 2. Bg5 Ne4 3. Bf4 c5 4. d5 Qb6 5. Bc1 c4 6. e3 e6 7. f3 Nf6 8. Nc3 Bb4 9. Bxc4 exd5 10. Bxd5 Qa5 11. e4 Nxd5 12. exd5 Bxc3+ 13. bxc3 Qxc3+ 14. Bd2 Qe5+ 15. Ne2 O-O 16. O-O Qxd5 17. Qc1 Nc6 18. Ng3 Qc4 19. Kh1 d5 20. Re1 Be6 21. Bf4 Rac8 22. Bd6 Rfd8 23. Ba3 Nd4 24. Qg5 Nxc2 25. Bb2 d4 26. Rac1 Qd5 27. Qxd5 Rxd5 28. Red1 d3 29. Ne4 Rcd8 30. Rd2 h6 31. g4 Kh7 32. Kg2 Rb5 33. Bc3 Ne3+ 0-1


[Site "https://www.chess.com"]

[Event "Titled Tuesday Blitz February 28 Early 2023"]
[White "Lopez Del Alamo, Antonio"]
[Black "Peng, Li Min"]
[WhiteFideId "2227339"]
[BlackFideId "14112620"]
[WhiteElo "2175"]
[BlackElo "2436"]
[Result "1/2-1/2"]
[Round "07"]
[TimeControl "180+2"]
[Date "2023.02.28"]
[WhiteClock "0:00:45"]
[BlackClock "0:00:12"]

1. e4 Nc6 2. Nf3 d5 3. exd5 Qxd5 4. Nc3 Qh5 5. Be2 Bg4 6. d3 e5 7. Be3 f5 8. h3 O-O-O 9. Rg1 Bxf3 10. Bxf3 Qg6 11. Bxc6 Qxc6 12. Qe2 Bb4 13. Bd2 Nf6 14. a3 Bc5 15. O-O-O Rhe8 16. f3 Bxg1 17. Rxg1 Nd5 18. Nxd5 Qxd5 19. Bc3 Re6 20. Re1 Rde8 21. Qf2 b6 22. Qh4 h6 23. Qg3 g5 24. h4 gxh4 25. Qxh4 e4 26. fxe4 fxe4 27. dxe4 Rxe4 28. Rxe4 Qxe4 29. Qxh6 Qxg2 30. b3 Kb7 31. Qh7 Re2 32. Kb2 Qe4 33. Qxe4+ Rxe4 34. a4 a5 35. Bh8 Rh4 36. Bg7 Rh2 37. Bf6 Rg2 38. Be5 Kc6 39. Kb1 Re2 40. Bf4 Re7 41. Kb2 Kd5 42. Kc3 Rf7 43. Bh6 Rf3+ 44. Kb2 Ke4 45. Bg5 Rf5 46. Bd8 Rc5 47. Bf6 Ke3 48. Bg7 Kd2 49. Bh6+ Kd1 50. c4 Ke2 51. Kc3 Rf5 52. Bg7 Ke3 53. Bh8 Ke4 54. Bg7 Rf3+ 55. Kc2 Rg3 56. Bh8 Rg8 57. Bf6 Kf5 58. Bd4 Ke6 59. Kc3 Rg3+ 60. Kc2 Kd6 61. Kb2 Kc6 62. Kc2 Rh3 63. Kb2 Kb7 64. Kc2 Kc6 65. Kb2 Kd7 66. Kc2 Ke6 67. Kb2 Rf3 68. Kc2 Kf5 69. Bg7 Ke4 70. Bh8 Ke3 71. Be5 Ke2 72. Bxc7 Rf6 73. c5 bxc5 74. Bxa5 Ke3 75. Kc3 Ra6 76. Bc7 c4 77. bxc4 Rxa4 78. c5 Ke4 79. Bd6 Kd5 80. Kb3 Re4 81. Kc3 Re3+ 82. Kd2 Rh3 83. Ke2 Ke4 84. c6 Rh6 85. c7 Rh8 86. Be7 Rc8 87. Bd8 Kd5 88. Kd2 Kc6 89. Ke2 Rxc7 90. Bxc7 1/2-1/2


[Site "https://www.chess.com"]

[Event "Titled Tuesday Blitz February 28 Early 2023"]
[White "Vlassov, Nikolai"]
[Black "Kochetov, Andrey"]
[WhiteFideId "4103360"]
[BlackFideId "24130532"]
[WhiteElo "2324"]
[BlackElo "2437"]
[Result "1/2-1/2"]
[Round "07"]
[TimeControl "180+2"]
[Date "2023.02.28"]
[WhiteClock "0:00:11"]
[BlackClock "0:00:05"]

1. e4 d5 2. exd5 Qxd5 3. Nc3 Qa5 4. Nf3 c6 5. d4 Nf6 6. Ne5 Bf5 7. g4 Be4 8. Nc4 Qc7 9. f3 Bd5 10. Ne3 e6 11. g5 Ng8 12. Ncxd5 cxd5 13. c4 Bb4+ 14. Bd2 Bxd2+ 15. Qxd2 Ne7 16. Rc1 Nbc6 17. cxd5 exd5 18. Ng4 O-O 19. Kf2 Qb6 20. Rc5 Nf5 21. Rb5 Qd8 22. Rxb7 Ncxd4 23. Bd3 Rb8 24. Rxb8 Qxb8 25. Bxf5 Nxf5 26. b3 Qb6+ 27. Kg2 d4 28. Re1 Qc6 29. Re4 Re8 30. Rxe8+ Qxe8 31. Qd3 Qe6 32. Qe4 Qxe4 33. fxe4 Ne7 34. Kf3 Nc6 35. e5 Kf8 36. Ke4 Ke7 37. Kd5 Nb4+ 38. Kxd4 Nxa2 39. Kc4 Nc1 40. b4 Ne2 41. Kb5 Nd4+ 42. Ka6 Ke6 43. b5 Kf5 44. h3 Ke4 45. h4 Kf5 46. Ne3+ Kxe5 47. Nc4+ Kd5 48. Na3 Kc5 49. h5 f5 50. gxf6 gxf6 51. h6 f5 52. Nb1 f4 53. Nd2 f3 54. Ne4+ Kd5 55. Nc3+ Kc4 56. Ne4 Nxb5 57. Nd2+ Kd3 58. Nxf3 Nd6 59. Ng5 Nf5 60. Nxh7 Nxh6 61. Kxa7 1/2-1/2


[Site "https://www.chess.com"]

[Event "Titled Tuesday Blitz February 28 Early 2023"]
[White "Fiorito, Joaquin"]
[Black "Chernov, Mikhail"]
[WhiteFideId "180173"]
[BlackFideId "24143170"]
[WhiteElo "2157"]
[BlackElo "2113"]
[Result "1-0"]
[Round "07"]
[TimeControl "180+2"]
[Date "2023.02.28"]
[WhiteClock "0:00:25"]
[BlackClock "0:00:04"]

1. d4 d5 2. Nc3 Nf6 3. Bf4 c6 4. e3 Nbd7 5. Nf3 e6 6. h3 Bb4 7. Bd3 Qa5 8. Qd2 c5 9. dxc5 Nxc5 10. Bb5+ Bd7 11. Bxd7+ Ncxd7 12. O-O Ne4 13. Qe2 Nxc3 14. bxc3 Bxc3 15. Rab1 b6 16. Bd6 Qxa2 17. Qb5 Qc4 18. Qxc4 dxc4 19. Rfd1 f6 20. e4 e5 21. Nh4 a5 22. Nf5 g6 23. Ne3 Bd4 24. Nxc4 a4 25. Bb4 Kf7 26. c3 Nc5 27. cxd4 exd4 28. Nxb6 Rac8 29. Nxc8 1-0


[Site "https://www.chess.com"]

[Event "Titled Tuesday Blitz February 28 Early 2023"]
[White "Nur-Mukhametova, Alisa"]
[Black "Derix, Bernhard"]
[WhiteFideId "54117739"]
[BlackFideId "4642368"]
[WhiteElo "2007"]
[BlackElo "2586"]
[Result "0-1"]
[Round "07"]
[TimeControl "180+2"]
[Date "2023.02.28"]
[WhiteClock "0:00:04"]
[BlackClock "0:00:24"]

1. c4 e5 2. Nc3 Nf6 3. Nf3 Nc6 4. e4 Bc5 5. Nxe5 O-O 6. Nf3 Re8 7. d3 d5 8. cxd5 Nxd5 9. Be2 Bg4 10. Nxd5 Bxf3 11. gxf3 Nd4 12. Be3 c6 13. Nc3 Qh4 14. Qd2 Rad8 15. O-O-O b5 16. Kb1 a5 17. f4 a4 18. Rc1 a3 19. b3 Bb4 20. Bxd4 Rxd4 21. Qe3 Red8 22. Rhg1 Qe7 23. Nd5 R4xd5 24. exd5 Qh4 25. Rg4 Qxh2 26. Qd4 Bf8 27. Rcg1 g6 28. Qf6 Qxf2 29. R4g2 Qb6 30. Qxc6 Qd4 31. Qc2 Rc8 32. Qd2 Bb4 33. Bg4 Bxd2 34. Rxd2 Rc3 35. Rgd1 Rxd3 36. Kc1 Qc3+ 0-1


[Site "https://www.chess.com"]

[Event "Titled Tuesday Blitz February 28 Early 2023"]
[White "Lehtosaari, Mauri"]
[Black "Tymrakiewicz, Rafal"]
[WhiteFideId "501999"]
[BlackFideId "1108832"]
[WhiteElo "2524"]
[BlackElo "2151"]
[Result "1-0"]
[Round "07"]
[TimeControl "180+2"]
[Date "2023.02.28"]
[WhiteClock "0:00:21"]
[BlackClock "0:00:04"]

1. d4 d5 2. Nf3 Bf5 3. c4 e6 4. Nc3 c6 5. Qb3 Qb6 6. c5 Qc7 7. Bf4 Qc8 8. e3 h6 9. h3 Nd7 10. Be2 Ngf6 11. Qd1 Be7 12. b4 a6 13. a4 O-O 14. O-O Bd8 15. b5 a5 16. Bd3 Bc7 17. Bxf5 exf5 18. Bxc7 Qxc7 19. Ne2 Ne4 20. Nf4 Rfe8 21. Nd3 g5 22. Nfe5 f6 23. Nxd7 Qxd7 24. Qc2 Kg7 25. Rab1 Re7 26. bxc6 bxc6 27. Rb6 Rae8 28. Rfb1 f4 29. exf4 g4 30. hxg4 Qxg4 31. f3 Qh4 32. fxe4 Rxe4 33. Rb7+ Kf8 34. Qf2 Qxf2+ 35. Nxf2 Rxf4 36. Rc7 Re2 37. Rf1 Rxd4 38. Rxc6 Kg7 39. Rd6 Rdd2 40. c6 Rc2 41. Rxd5 Rxc6 42. Rxa5 Rcc2 43. Rf5 Ra2 44. Rf4 Kg6 45. Rg4+ Kh5 46. Rg3 f5 47. Nh3 Rxa4 48. Rxf5+ Kh4 49. Rff3 Rg4 50. Rxg4+ Kxg4 51. Kh2 1-0


[Site "https://www.chess.com"]

[Event "Titled Tuesday Blitz February 28 Early 2023"]
[White "Castellanos Villela, Alejandro"]
[Black "Carrasco Miranda, Andres"]
[WhiteFideId "3446379"]
[BlackFideId "3405990"]
[WhiteElo "2102"]
[BlackElo "2183"]
[Result "1-0"]
[Round "07"]
[TimeControl "180+2"]
[Date "2023.02.28"]
[WhiteClock "0:01:37"]
[BlackClock "0:00:59"]

1. e4 c5 2. Nf3 d6 3. d4 cxd4 4. Nxd4 Nf6 5. Nc3 a6 6. Bg5 Nbd7 7. Qe2 b5 8. f4 e5 9. Nd5 h6 10. Nc6 hxg5 11. Nxd8 Kxd8 12. fxg5 Nxd5 13. exd5 Be7 14. Qe3 Rh4 15. O-O-O Bb7 16. Kb1 Rc8 17. g3 Rb4 18. c3 Ra4 19. h4 f5 20. h5 f4 21. gxf4 exf4 22. Qe6 Bxg5 23. Bh3 Rc7 24. Qg8+ 1-0


[Site "https://www.chess.com"]

[Event "Titled Tuesday Blitz February 28 Early 2023"]
[White "Rian, Kapriaga"]
[Black "Eynullayev, Atilla"]
[WhiteFideId "7103263"]
[BlackFideId "13413570"]
[WhiteElo "2379"]
[BlackElo "2181"]
[Result "1-0"]
[Round "07"]
[TimeControl "180+2"]
[Date "2023.02.28"]
[WhiteClock "0:00:19"]
[BlackClock "0:00:11"]

1. d4 Nf6 2. Nf3 d5 3. Bg5 c5 4. e3 Nc6 5. Nbd2 Bf5 6. c3 e6 7. Qa4 Be7 8. Ba6 Qb6 9. Bb5 O-O 10. O-O h6 11. Bf4 Bc2 12. Qxc2 Qxb5 13. Rfb1 Rac8 14. h3 a6 15. Qb3 c4 16. Qc2 Qa5 17. e4 dxe4 18. Nxe4 Nd5 19. Bg3 b5 20. a3 Qd8 21. Re1 a5 22. Qe2 Re8 23. Nfd2 a4 24. Nf3 Bf8 25. Qc2 Na5 26. Re2 Nc6 27. Rae1 Be7 28. Bh2 Bf8 29. Qc1 Be7 30. Bf4 Bf8 31. Ng3 Nxf4 32. Qxf4 Ne7 33. Ne5 f6 34. Ng4 Nd5 35. Qf3 Qd7 36. h4 Bd6 37. Nh5 Qf7 38. Ne3 Nxe3 39. Rxe3 Re7 40. g3 Rce8 41. Nf4 Bxf4 42. Qxf4 Qg6 43. Qf3 Qc2 44. R3e2 Qg6 45. Qc6 Qf5 46. Kg2 Kf7 47. Re3 Qd5+ 48. Qxd5 exd5 49. Kf3 g6 50. g4 Rxe3+ 51. Rxe3 Rxe3+ 52. fxe3 Ke6 53. e4 Kd6 54. exd5 Kxd5 55. Kf4 Ke6 56. h5 gxh5 57. gxh5 f5 58. Kf3 Kd6 59. Ke3 Kd5 60. Kf4 Ke6 61. d5+ Kxd5 62. Kxf5 Kd6 63. Kg6 Ke5 64. Kxh6 Kf6 65. Kh7 Kf7 66. Kh6 Kf6 67. Kh7 Kf7 68. h6 Kf8 69. Kg6 Kg8 70. Kf6 Kh7 71. Ke5 Kxh6 72. Kd5 Kg7 73. Kc5 Kf7 74. Kxb5 1-0


[Site "https://www.chess.com"]

[Event "Titled Tuesday Blitz February 28 Early 2023"]
[White "Ezat, Mohamed"]
[Black "Boraso, Alessio"]
[WhiteFideId "10600906"]
[BlackFideId "848077"]
[WhiteElo "2388"]
[BlackElo "2286"]
[Result "1-0"]
[Round "07"]
[TimeControl "180+2"]
[Date "2023.02.28"]
[WhiteClock "0:00:49"]
[BlackClock "0:00:01"]

1. d4 e6 2. c4 Nf6 3. Nc3 c5 4. d5 exd5 5. cxd5 d6 6. e4 g6 7. f4 Bg7 8. Bb5+ Nbd7 9. e5 dxe5 10. fxe5 Nh5 11. e6 Qh4+ 12. g3 Nxg3 13. hxg3 Qxh1 14. exd7+ Bxd7 15. Bxd7+ Kxd7 16. Qa4+ Kd8 17. Qh4+ Qxh4 18. gxh4 Re8+ 19. Nge2 Kd7 20. Kf2 Bf6 21. Bg5 Bxg5 22. hxg5 Re5 23. Rg1 Rae8 24. Rg3 Rf5+ 25. Rf3 Ree5 26. Nf4 Rxg5 27. Nd3 Ref5 28. Nxc5+ Kc7 29. Rxf5 Rxf5+ 30. Ke3 h5 31. Kd4 h4 32. a4 h3 33. Nb5+ Kb8 34. d6 b6 35. d7 bxc5+ 36. Kc4 Rf4+ 37. Kxc5 Rf5+ 38. Kc6 1-0


[Site "https://www.chess.com"]

[Event "Titled Tuesday Blitz February 28 Early 2023"]
[White "Korpics, Zsolt"]
[Black "Omelja, Artem"]
[WhiteFideId "705241"]
[BlackFideId "14119846"]
[WhiteElo "2361"]
[BlackElo "2404"]
[Result "0-1"]
[Round "07"]
[TimeControl "180+2"]
[Date "2023.02.28"]
[WhiteClock "0:00:19"]
[BlackClock "0:00:18"]

1. e4 c5 2. Nf3 Nc6 3. d4 cxd4 4. Nxd4 Nf6 5. Nc3 e5 6. Ndb5 d6 7. Bg5 a6 8. Na3 b5 9. Nd5 Be7 10. Bxf6 Bxf6 11. c4 b4 12. Nc2 a5 13. g3 O-O 14. Bg2 Rb8 15. O-O Ba6 16. b3 Re8 17. Qd3 g6 18. Rad1 Bg7 19. Nde3 Qb6 20. Nd5 Qa7 21. Kh1 Rbd8 22. h4 Bb7 23. h5 Qc5 24. Qf3 Nd4 25. Nxd4 exd4 26. Qg4 Bxd5 27. exd5 Re5 28. hxg6 hxg6 29. f4 Re3 30. f5 Qc8 31. Rxd4 Bxd4 32. Qxd4 Re5 33. fxg6 fxg6 34. Qf4 Rf8 35. Qh6 Rxf1+ 36. Bxf1 Rh5+ 0-1


[Site "https://www.chess.com"]

[Event "Titled Tuesday Blitz February 28 Early 2023"]
[White "Valgmae, Toomas"]
[Black "Alahakoon, Isuru"]
[WhiteFideId "4502523"]
[BlackFideId "9900993"]
[WhiteElo "2170"]
[BlackElo "1995"]
[Result "1-0"]
[Round "07"]
[TimeControl "180+2"]
[Date "2023.02.28"]
[WhiteClock "0:01:57"]
[BlackClock "0:00:15"]

1. d4 d5 2. c4 e6 3. Nc3 Nf6 4. Bg5 c6 5. e3 Nbd7 6. Nf3 Bd6 7. Bd3 O-O 8. O-O Re8 9. Qc2 Nf8 10. Ne5 Qc7 11. f4 dxc4 12. Bxc4 Nd5 13. Qf2 f6 14. Bh4 fxe5 15. fxe5 Be7 16. Qf7+ Kh8 17. Qxe8 Kg8 18. Bxd5 1-0


[Site "https://www.chess.com"]

[Event "Titled Tuesday Blitz February 28 Early 2023"]
[White "Sarkar, Justin"]
[Black "Rodriguez Fontecha, Marcos"]
[WhiteFideId "2010011"]
[BlackFideId "2256576"]
[WhiteElo "2189"]
[BlackElo "2263"]
[Result "1/2-1/2"]
[Round "07"]
[TimeControl "180+2"]
[Date "2023.02.28"]
[WhiteClock "0:00:04"]
[BlackClock "0:00:38"]

1. d4 d5 2. c4 Nc6 3. Nf3 e5 4. Nxe5 Nxe5 5. dxe5 d4 6. g3 c6 7. Bg2 Qa5+ 8. Nd2 Qxe5 9. Nf3 Qa5+ 10. Bd2 Qb6 11. Qb3 Bc5 12. Qxb6 Bxb6 13. b4 a5 14. c5 Bd8 15. Nxd4 Bf6 16. e3 axb4 17. Bxb4 Ne7 18. O-O O-O 19. a3 Nf5 20. Rad1 Nxd4 21. exd4 Bg4 22. Rd2 Be6 23. d5 cxd5 24. Bxd5 Rfd8 25. Bxe6 Rxd2 26. Bxd2 fxe6 27. Bb4 Rd8 28. Re1 Kf7 29. Re3 Rd1+ 30. Kg2 Bd4 31. Rb3 Rc1 32. Bd2 Rc2 33. Be3 Bxe3 34. Rxe3 Rxc5 35. Rb3 b5 36. Rb4 Ke7 37. a4 bxa4 38. Rxa4 Kf6 39. h4 Rc3 40. Rb4 h5 41. Ra4 e5 42. Rb4 Kf5 43. Rb7 g6 44. Rb4 g5 45. hxg5 Kxg5 46. f4+ exf4 47. Rxf4 Rc2+ 48. Kh3 Rd2 49. Re4 Rd1 50. Ra4 Rh1+ 51. Kg2 Rb1 52. Ra5+ Kg6 53. Ra6+ Kg5 54. Ra5+ Kg6 55. Ra6+ Kg5 56. Ra5+ 1/2-1/2


[Site "https://www.chess.com"]

[Event "Titled Tuesday Blitz February 28 Early 2023"]
[White "Yayloyan, Konstantin"]
[Black "Prudnykova, Olga"]
[WhiteFideId "13307088"]
[BlackFideId "14121093"]
[WhiteElo "2190"]
[BlackElo "2174"]
[Result "0-1"]
[Round "07"]
[TimeControl "180+2"]
[Date "2023.02.28"]
[WhiteClock "0:00:12"]
[BlackClock "0:00:16"]

1. e4 c5 2. Nf3 Nf6 3. Nc3 e6 4. d4 cxd4 5. Nxd4 Nc6 6. Ndb5 Bc5 7. Be3 Bxe3 8. Nd6+ Ke7 9. fxe3 Qc7 10. Nc4 Ne5 11. Nxe5 Qxe5 12. Qd4 d6 13. O-O-O Bd7 14. Bd3 Rhc8 15. h3 Rc5 16. g4 Rac8 17. Kb1 a6 18. Ne2 b5 19. Rhg1 Bc6 20. Ng3 Bb7 21. a3 h6 22. Rdf1 Nd7 23. h4 f6 24. Nh5 Rg8 25. Qb4 a5 26. Qxa5 Bxe4 27. Nf4 Rgc8 28. g5 hxg5 29. hxg5 fxg5 30. Ng6+ Bxg6 31. Bxg6 Nf6 32. Bd3 R8c7 33. Qb4 Qd5 34. Qe1 Qe5 35. e4 d5 36. exd5 Qxe1+ 37. Rxe1 Rxd5 38. Ref1 Kf7 39. Rf3 Rcd7 40. Rgf1 Re5 41. Rg3 Rdd5 42. Ka2 Ke7 43. Rfg1 g4 44. Re1 Rxe1 0-1


[Site "https://www.chess.com"]

[Event "Titled Tuesday Blitz February 28 Early 2023"]
[White "Lorenzo De La Riva, Lazaro"]
[Black "Fawzy, Adham"]
[WhiteFideId "2268809"]
[BlackFideId "10613129"]
[WhiteElo "2294"]
[BlackElo "2543"]
[Result "1-0"]
[Round "07"]
[TimeControl "180+2"]
[Date "2023.02.28"]
[WhiteClock "0:00:39"]
[BlackClock "0:00:11"]

1. e4 c5 2. Nf3 d6 3. d4 cxd4 4. Nxd4 Nf6 5. Nc3 a6 6. h3 Nc6 7. g4 g6 8. Bg2 Nxd4 9. Qxd4 Bg7 10. Qd1 O-O 11. Be3 Be6 12. O-O Rc8 13. f4 b5 14. f5 Bc4 15. Rf2 Nd7 16. Bd4 Ne5 17. b3 b4 18. Na4 Bb5 19. Nb6 Rc6 20. Nd5 a5 21. g5 e6 22. f6 exd5 23. fxg7 Re8 24. exd5 Rc8 25. Qd2 Kxg7 26. Bf1 Bxf1 27. Raxf1 Re7 28. Bxe5+ dxe5 29. d6 Rd7 30. Qd5 Qe8 31. Rf6 Rcd8 32. h4 Kg8 33. h5 e4 34. hxg6 hxg6 35. Rxg6+ Kf8 36. Rh6 Kg7 37. Qd4+ f6 38. Qxf6+ Kg8 39. Rh8# 1-0


[Site "https://www.chess.com"]